 Dungeon Crawl Stone Soup version 0.31-a0-662-g684573625c (webtiles) character file.

Game seed: 7718171198033848856

97 sampeng1 the Ruffian (level 4, -3/29 HPs)
             Began as an Octopode Shapeshifter on Sept 1, 2023.
             Slain by baller8008's ghost (10 damage)
             ... on level 3 of the Dungeon.
             The game lasted 00:05:31 (1374 turns).

sampeng1 the Ruffian (Octopode Shapeshifter)        Turns: 1374, Time: 00:05:31

Health: -3/29      AC:  1    Str: 15    XL:     4   Next: 68%
Magic:  4/4        EV: 13    Int: 12    God:
Gold:   84         SH:  0    Dex: 11    Spells: 3/3 levels left

rFire   . .          .
                       - Unarmed
rCold   . . .        (no shield)
rNeg    . . .        (helmet currently unavailable)
rPois   .            (no amulet)
rElec   .            (no ring)
rCorr   .            (no ring)
SInv    .            (no ring)
Will    .....        (no ring)
Stlth   +++          (no ring)
HPRegen 0.24/turn    (no ring)
MPRegen 0.09/turn    (no ring)
                     (no ring)

%: no passive effects
@: beast-form, studying Maces & Flails
A: beast (slay +2), almost no armour, amphibious, 8 rings, camouflage 1,
gelatinous body 1, (nimble swimmer 1), tentacles
a: Begin Untransformation


You were on level 3 of the Dungeon.
You were a hulking beast.
You visited 1 branch of the dungeon, and saw 3 of its levels.

You collected 84 gold pieces.

Inventory:

Missiles
 j - 4 silver javelins
 m - 6 poisoned darts
Talismans
 b - a beast talisman (active)
 c - a flux talisman
 f - a dragon-blood talisman
Scrolls
 d - a scroll of amnesia
 e - 2 scrolls of fog
 g - a scroll of teleportation {unknown}
 h - a scroll of silence {unknown}
 i - 2 scrolls of fear
 l - a scroll of poison {unknown}
Potions
 a - a potion of lignification
 k - 2 potions of enlightenment


   Skills:
 + Level 2.0 Fighting
 + Level 2.8 Dodging
 + Level 2.0 Stealth
 + Level 3.5 Unarmed Combat
 + Level 3.5 Shapeshifting


You had 3 spell levels left.
You didn't know any spells.
Your spell library contained the following spells:

 Spells                   Type           Power      Damage    Failure   Level
 Necrotise                Necr           0%         1d4       32%         1
 Vampiric Draining        Necr           0%         2d6       69%         3
 Olgreb's Toxic Radiance  Pois           0%         N/A       97%         4
 Agony                    Necr           0%         N/A       100%        5
 Summon Forest            Summ/Tloc      0%         N/A       100%        5
 Eringya's Noxious Bog    Tmut/Pois      0%         4d6       100%        6
 Summon Hydra             Summ           0%         N/A       100%        7
 Discord                  Hex            0%         N/A       100%        8
 Ignition                 Fire           0%         3d3       100%        8


Dungeon Overview and Level Annotations

Branches:
Dungeon (3/15)

Altars:
Ashenzari

Annotations:
D:3 baller8008's ghost, amateur MiFi


Innate Abilities, Weirdness & Mutations

You are a hulking beast.
Your limbs bulge with bestial killing power. (Slay +2)
You cannot wear most types of armour.
You are amphibious.
You can wear up to eight rings at the same time.
Your skin changes colour to match your surroundings (Stealth+).
Your rubbery body absorbs attacks. (AC +1, EV +1)
((You are camouflaged when in or above water. (Stealth+)))
You have tentacles for arms and can constrict up to eight enemies at once.


Message History

A kobold comes into view. It is wielding a +0 short sword.
i - 2 scrolls of fear (gained 1)
l - a scroll labelled ASMUIQI HYRR
Found a runed translucent gate.
You open the gate.
Found a stone staircase leading up.
There is an open translucent gate here.
You tentacle-slap the adder simulacrum.
The adder simulacrum vaporises!
You closely miss the adder simulacrum. You grab the adder simulacrum.
You squeeze the adder simulacrum.
The adder simulacrum is almost destroyed.
You constrict the adder simulacrum.
The adder simulacrum vaporises!
Baller8008's ghost is engulfed in freezing vapours.
Baller8008's ghost completely misses you.
Your Stealth skill increases to level 2!
You barely miss baller8008's ghost.
Baller8008's ghost is lightly damaged.
Baller8008's ghost is engulfed in freezing vapours.
Baller8008's ghost hits you but does no damage.
You tentacle-slap baller8008's ghost.
Baller8008's ghost is heavily damaged.
You tentacle-slap baller8008's ghost but do no damage.
You squeeze baller8008's ghost, but do no damage.
Baller8008's ghost is heavily damaged.
Baller8008's ghost hits you.
You closely miss baller8008's ghost.
Baller8008's ghost is heavily damaged.
Baller8008's ghost hits you!
You tentacle-slap baller8008's ghost but do no damage.
Baller8008's ghost is heavily damaged.
Baller8008's ghost hits you!
* * * LOW HITPOINT WARNING * * *
The quokka simulacrum barely misses you.
You barely miss the quokka simulacrum. You grab the quokka simulacrum.
You constrict the quokka simulacrum.
The quokka simulacrum vaporises!
Baller8008's ghost hits you!
You die...

#...#Z.# .....#
#.###... #.#.#..#
..=...#..#..# ####
#.#.#..#
/....##..#.##
#.#.##..##$?###...#.
#.#..#...####....#
#.##.##..........#
#. #..#.........# #.
##.##.W☼....#
#..###h''###..
##...........#
##.....#...##
#####.# ...# .# ...
.. .< ##. . #. ##


You could see baller8008's ghost.

Vanquished Creatures
  An orc priest (D:3)
  3 adders (D:2)
  2 adder simulacra (D:3)
  2 orcs (D:3)
  4 endoplasms (D:1)
  A giant cockroach (D:2)
  4 goblins
  3 hobgoblins
  5 kobolds
  6 ball pythons
  3 bats (D:1)
  A frilled lizard (D:1)
  A quokka simulacrum (D:3)
  2 rats
38 creatures vanquished.

Notes
Turn   | Place    | Note
-------+----------+-------------------------------------------
     0 | D:1      | sampeng1 the Octopode Shapeshifter began the quest for the
                  | Orb.
     0 | D:1      | Reached XP level 1. HP: 13/13 MP: 1/1
    80 | D:1      | Reached XP level 2. HP: 14/18 MP: 2/2
   705 | D:2      | Reached XP level 3. HP: 23/23 MP: 3/3
   754 | D:2      | Found a faded altar of an unknown god.
   831 | D:2      | Reached skill level 1 in Stealth
  1000 | D:2      | Identified the +4 short sword of the People {heavy, rN++}
  1047 | D:2      | Found a broken altar of Ashenzari.
  1060 | D:2      | Reached XP level 4. HP: 24/29 MP: 4/4
  1335 | D:3      | Noticed baller8008's ghost (amateur MiFi)
  1361 | D:3      | Found a runed translucent gate.
  1361 | D:3      | Found a runed translucent gate.
  1361 | D:3      | Found a runed translucent gate.
  1374 | D:3      | Slain by baller8008's ghost

Illustrated notes

Levels and vault maps discovered:
D:1:      saegor_arrival_miasma, layout_basic, minmay_misc_feat_square,
          minmay_misc_feat_diagonals
D:2:      layout_loops_ring, basic_altar, chequers_ecumenical_altar_island
D:3:      wad_crossroads, layout_loops_ring, zin_treasury, gammafunk_ghost_icy,
          serial_shops, shop

Skill      XL: |  1  2  3  4 |
---------------+-------------+-----
Stealth        | 1 2 |  2.0
Fighting       | 2 |  2.0
Dodging        | |  2.8
Unarmed Combat | |  3.5
Shapeshifting  | |  3.5

Action                     |  1- 3 |  4- 6 || total
---------------------------+-------+-------++-------
  Melee: Unarmed           |    54 |    20 ||    74
         Constrict         |    11 |     8 ||    19
         Tentacles         |     2 |     7 ||     9
         Punch             |     1 |       ||     1
    Use: Scroll            |     4 |       ||     4
         Potion            |     3 |       ||     3
   Stab: Sleeping          |     6 |       ||     6
 Armour: Skin              |    22 |    11 ||    33
  Dodge: Dodged            |    20 |     5 ||    25

Table legend: (Time is in decaauts)
 A = Elapsed time spent in this place.
 B = Non-inter-level travel time spent in this place.
 C = Inter-level travel time spent in this place.
 D = Time resting spent in this place.
 E = Time spent auto-exploring this place.
 F = Levels seen in this place.
 G = Mean time per level.
                   A        B        C        D        E       F      G
               +--------+--------+--------+--------+--------+-----+--------+
         Total |   1368 |   1336 |     32 |      2 |    928 |   3 |  456.0 |
       Dungeon |   1368 |   1336 |     32 |      2 |    928 |   3 |  456.0 |
               +--------+--------+--------+--------+--------+-----+--------+

Top non-repeatable levels by time:
     D:1: 655 daAuts
     D:2: 576 daAuts
     D:3: 136 daAuts
